 Dungeon Crawl Stone Soup version 0.20-a0-463-g5747544 (webtiles) character file.

1402 Duffy the Geomancer (level 9, -4/57 HPs)
             Began as a Formicid Earth Elementalist on Jan 10, 2017.
             Was a Believer of Cheibriados.
             Slain by a hand axe (9 damage)
             ... on level 6 of the Dungeon.
             The game lasted 00:07:10 (6406 turns).

Duffy the Geomancer (Formicid Earth Elementalist)   Turns: 6406, Time: 00:07:11

Health: -4/57      AC:  6    Str: 18    XL:     9   Next: 1%
Magic:  15/19      EV: 12    Int: 21    God:    Cheibriados [**....]
Gold:   235        SH:  0    Dex: 15    Spells: 9/22 levels left

rFire  . . .     SeeInvis +     j - +3 rapier
rCold  . . .     Gourm    .     m - +1 troll leather armour {Purgy}
rNeg   . . .     Faith    .     (no shield)
rPois  .         Spirit   .     (helmet unavailable)
rElec  .         Reflect  .     (no cloak)
rCorr  .         Harm     .     q - +0 pair of gloves
MR     .....                    (no boots)
Stlth  ++........               (no amulet)
                                (no ring)
                                (no ring)

@: very slow
A: permanent stasis, dig shafts and tunnels, four strong arms, antennae 3
a: Dig, Shaft Self, Bend Time, Renounce Religion


You were on level 6 of the Dungeon.
You worshipped Cheibriados.
Cheibriados was pleased with you.
You were not hungry.

You visited 2 branches of the dungeon, and saw 7 of its levels.
You also visited: Sewer.

You collected 235 gold pieces.

Inventory:

Hand Weapons
 j - a +3 rapier (weapon)
 u - a +0 whip of holy wrath
 x - a +1 dagger of venom
 A - a +1 dagger of venom
Missiles
 b - 247 stones (quivered)
Armour
 m - a +1 troll leather armour (worn) {Purgy}
 q - a +0 pair of gloves (worn)
Scrolls
 f - 2 scrolls of enchant armour
 i - a scroll of fear {unknown}
 n - 4 scrolls of remove curse
 o - 2 scrolls of recharging {unknown}
 s - 2 scrolls of teleportation {unknown}
 C - a scroll of magic mapping {unknown}
 E - a scroll of noise {unknown}
Potions
 a - 3 potions of magic
 g - 3 potions of heal wounds
 k - 2 potions of agility
 p - 2 potions of flight {unknown}
 t - a potion of ambrosia {unknown}
 v - a potion of haste {unknown}
 w - a potion of cancellation {unknown}
 z - 2 potions of curing
 B - a potion of lignification {unknown}
 D - a potion of berserk rage {unknown}
Books
 e - a book of Geomancy

   Spells                             Type                      Level
   a - Sandblast                      Earth                        1
   b - Passwall                       Transmutation/Earth          2
   c - Stone Arrow                    Conjuration/Earth            3
   d - Petrify                        Transmutation/Earth          4
   e - Lee's Rapid Deconstruction     Earth                        5
 F - a book of Conjurations

   Spells                             Type                      Level
   a - Magic Dart                     Conjuration                  1
   b - Searing Ray                    Conjuration                  2
   c - Dazzling Spray                 Conjuration/Hexes            3
   d - Fulminant Prism                Conjuration/Hexes            4
   e - Iskenderun's Mystic Blast      Conjuration                  4
   f - Iskenderun's Battlesphere      Conjuration/Charms           5
Comestibles
 c - 2 chunks of flesh
 d - 3 bread rations
 h - 2 meat rations
 l - a royal jelly
 r - 12 fruits
 G - a beef jerky


   Skills:
 - Level 1.7 Dodging
 - Level 2.4 Stealth
 + Level 7.0 Spellcasting
 + Level 3.5 Conjurations
 - Level 1.1 Transmutations
 + Level 9.0 Earth Magic


You had 9 spell levels left.
You knew the following spells:

 Your Spells              Type           Power        Failure   Level  Hunger
a - Sandblast             Erth           #####.       1%          1    None
k - Lee's Rapid Deconstr  Erth           #####.....   10%         5    #####..
l - Stone Arrow           Conj/Erth      ####..       2%          3    #......
n - Petrify               Tmut/Erth      ####....     14%         4    ###....


Dungeon Overview and Level Annotations

Branches:
Dungeon (6/15)             Temple (1/1) D:6

Altars:
Cheibriados
Dithmenos
Elyvilon
Fedhas
Gozag
Hepliaklqana
Kikubaaqudgha
Makhleb
Nemelex Xobeh
Okawaru
Qazlal
Ru
Trog
Uskayaw
Vehumet
Xom
Yredelemnul
Zin
The Shining One

Shops:
D:4 *


Innate Abilities, Weirdness & Mutations

You cannot be hasted, slowed, berserked, paralysed or teleported.
You can dig through walls and to a lower floor.
Your four strong arms can wield two-handed weapons with a shield.
You have a pair of large antennae on your head. (SInv)


Message History

The hand axe barely misses you.
The hand axe hits you but does no damage.
Casting: Sandblast
Confirm with . or Enter, or press ? or * to list all spells.
Aiming: Sandblast
Press: ? - help, Shift-Dir - straight line, f/p - hand axe
Aim: a hand axe The blast of sand hits the hand axe.
The hand axe is severely damaged.
b - 248 stones The hand axe hits you.
Casting: Sandblast
Confirm with . or Enter, or press ? or * to list all spells.
Aiming: Sandblast
Press: ? - help, Shift-Dir - straight line, f/p - hand axe
Aim: a hand axe (severely damaged)
The blast of sand misses the hand axe.
b - 247 stones The hand axe hits you!
You die...

.........
........................
........................
........................
..............[.........
.......................)
........................
....._..................
.......@................
...#####(...............
...#....(...............
...#...#.........?......
...#####................
........................
..................<.....
........................
........................


You could see 2 dancing weapons.

Vanquished Creatures
  A moth of wrath (D:5)
  Purgy (Sewer)
  3 ogres
  A centaur (D:5)
  A crimson imp (D:6)
  2 bullfrog zombies
  A centaur zombie (D:5)
  3 hounds
  An orc priest (D:5)
  A bullfrog skeleton (D:5)
  An orc wizard (D:5)
  A worker ant (D:6)
  A statue (D:5)
  A killer bee zombie (D:6)
  A hound skeleton (D:4)
  8 adders
  A shadow imp (D:5)
  An ooze (D:3)
  5 worms
  4 dart slugs
  6 leopard geckos
  9 orcs
  A ball python (D:2)
  9 bats
  6 giant cockroaches
  10 goblins
  7 hobgoblins
  A quokka (D:5)
  7 frilled lizards
  7 kobolds
  12 rats
114 creatures vanquished.

Notes
Turn   | Place    | Note
-------+----------+-------------------------------------------
     0 | D:1      | Duffy the Formicid Earth Elementalist began the quest for the Orb.
     0 | D:1      | Reached XP level 1. HP: 13/13 MP: 3/3
    37 | D:1      | You fall through a shaft!
    40 | D:2      | Found an iron altar of Okawaru.
   100 | D:2      | You fall through a shaft for 2 floors!
   145 | D:5      | Entered Level 5 of the Dungeon
   156 | D:5      | Noticed an ogre
   175 | D:5      | Killed an ogre
   175 | D:5      | Reached skill level 5 in Earth Magic
   175 | D:5      | Reached XP level 2. HP: 19/19 MP: 0/6
   175 | D:5      | Reached XP level 3. HP: 24/24 MP: 0/8
   175 | D:5      | Reached XP level 4. HP: 30/30 MP: 0/9
   284 | D:5      | Found a stormy altar of Qazlal.
   337 | D:5      | Reached XP level 5. HP: 30/35 MP: 7/10
   392 | D:5      | Found a bloodstained altar of Trog.
   392 | D:5      | Noticed a moth of wrath
   481 | D:5      | Killed a moth of wrath
   481 | D:5      | Reached skill level 5 in Spellcasting
   481 | D:5      | Reached skill level 7 in Earth Magic
   481 | D:5      | Reached XP level 6. HP: 18/41 MP: 4/14
   481 | D:5      | Reached XP level 7. HP: 20/46 MP: 4/15
   749 | D:5      | Learned a level 3 spell: Stone Arrow
  1106 | D:4      | Found Zin's Purification Station.
  1108 | D:4      | Found a glowing silver altar of Zin.
  1364 | D:4      | Found a shadowy altar of Dithmenos.
  1715 | D:3      | Found a glowing drain.
  1728 | Sewer    | Entered a sewer
  1872 | Sewer    | Noticed Purgy
  1881 | Sewer    | Killed Purgy
  1881 | Sewer    | Reached skill level 1 in Conjurations
  1881 | Sewer    | Reached XP level 8. HP: 30/52 MP: 8/17
  2801 | D:6      | Found a staircase to the Ecumenical Temple.
  2810 | Temple   | Entered the Ecumenical Temple
  3190 | Temple   | Became a worshipper of Cheibriados the Contemplative
  3311 | D:2      | Learned a level 5 spell: Lee's Rapid Deconstruction
  3316 | D:2      | Learned a level 4 spell: Petrify
  3502 | D:2      | Reached skill level 8 in Earth Magic
  3697 | D:1      | Found a glowing golden altar of the Shining One.
  3876 | D:1      | Reached * piety under Cheibriados
  5476 | D:4      | Found a blossoming altar of Fedhas.
  5487 | D:4      | HP: 2/52 [ogre/giant club (16)]
  5837 | D:5      | Reached ** piety under Cheibriados
  5952 | D:5      | Found a radiant altar of Vehumet.
  6347 | D:6      | Reached skill level 9 in Earth Magic
  6390 | D:6      | Reached XP level 9. HP: 54/57 MP: 19/19
  6392 | D:6      | Found a hide-covered altar of Uskayaw.
  6392 | D:6      | Noticed a hand axe
  6392 | D:6      | Noticed a hand axe
  6406 | D:6      | Slain by a hand axe

Vault maps used:
D:1:      lemuel_arrival_lava_pool, tso_metal_star
D:2:      okawaru_trees_1
D:3:      gup_sewer_entry_spiral, minivault_4
D:4:      lemuel_round_altar, zin_purify, lemuel_doored_altar,
          minmay_misc_feat_columns, hex_tiny
D:5:      grunt_qazlal_clouds, vehumet_statue, tgw_trog, first_bread
D:6:      dancing_weapons_uskayaw
Temple:   minmay_temple_forest_path
Sewer:    kennysheep_door_sewer

Skill      XL: |  1  2  3  4  5  6  7  8 |
---------------+-------------------------+-----
Spellcasting   | 3 5 6 7 |  7.0
Earth Magic    | 5 7 9 |  9.0
Conjurations   | 1 3 |  3.5
Dodging        | |  1.7
Stealth        | |  2.4
Transmutations | |  1.1

Action                   |  1- 3 |  4- 6 |  7- 9 || total
-------------------------+-------+-------+-------++-------
Melee: Rapier            |       |       |   218 ||   218
       Dagger            |       |       |   133 ||   133
 Cast: Sandblast         |     5 |    16 |    28 ||    49
       Stone Arrow       |       |       |    15 ||    15
 Abil: Shaft Self        |     2 |       |       ||     2
       Dig               |       |     2 |     5 ||     7
  Use: Scroll            |       |       |     9 ||     9
 Stab: Sleeping          |       |       |     4 ||     4
  Eat: Chunk             |       |       |    16 ||    16
Armor: Robe              |       |     1 |    11 ||    12
       Troll leather arm |       |       |    74 ||    74
Dodge: Dodged            |       |     9 |   255 ||   264
